 Dungeon Crawl Stone Soup version 0.27-a0-1119-gbf574a6a6b (webtiles) character file.

Game seed: 6132900307357811798

27 spiderkeys the Magician (level 3, 0/26 HPs)
             Began as a Djinni Ice Elementalist on May 3, 2021.
             Killed from afar by a dart slug (3 damage)
             ... with a slug dart
             ... on level 1 of the Dungeon.
             The game lasted 00:01:14 (1027 turns).

spiderkeys the Magician (Djinni Ice Elementalist)   Turns: 1027, Time: 00:01:15

Health: 0/26       AC:  2    Str:  7    XL:     3   Next: 10%
Gold:   3          EV: 12    Int: 17    God:
                   SH:  0    Dex: 13

rFire    + + .     SeeInvis .   b - +0 dagger
rCold    x . .     Faith    .   (no shield)
rNeg     . . .     Spirit   .   a - +0 robe
rPois    ∞         Reflect  .   (no helmet)
rElec    .         Harm     .   e - scarf {shadows}
rCorr    .         Rampage  .   (no gloves)
Will     .....                  (boots unavailable)
Stlth    ++........             (no amulet)
HPRegen  0.08/turn              (no ring)
MPRegen  0.00/turn              (no ring)

@: flying
A: fire resistance 2, cold vulnerability 1, float, innate caster, hp casting,
extra vitality 1
a: no special abilities


You were on level 1 of the Dungeon.
You visited 1 branch of the dungeon, and saw 1 of its levels.

You collected 3 gold pieces.


Innate Abilities, Weirdness & Mutations

You are immune to poison.
Your flesh is very heat resistant. (rF++)
You are vulnerable to cold. (rC-)
You float through the air rather than walking.
You learn spells naturally, not from books.
Your magical power is your life essence.
You have superior vitality. (+4 HP)


   Skills:
 + Level 0.9 Fighting
 + Level 1.0 Armour
 + Level 2.6 Dodging
 - Level 1.5 Stealth
 * Level 3.9 Spellcasting


You couldn't memorise any spells.
You knew the following spells:

 Your Spells              Type           Power      Damage    Failure   Level
f - Freeze                Ice            64%        1d8       3%          1
m - Metabolic Englaciati  Hex/Ice        8%         N/A       65%         5
o - Ozocubu's Armour      Ice            16%        N/A       10%         3
r - Frozen Ramparts       Ice            32%        1d5       10%         3
z - Sting                 Tmut/Pois      64%        1d6       3%          1
X - Hailstorm             Conj/Ice       16%        3d6       30%         4
Your spell library was empty.

Inventory:

Hand Weapons
 b - a +0 dagger (weapon)
   (You took it off a goblin on level 1 of the Dungeon)
Missiles
 f - 47 stones
Armour
 a - a +0 robe (worn)
 e - a scarf of shadows (worn)
   (You found it on level 1 of the Dungeon)
Scrolls
 c - a scroll of brand weapon {unknown}
 d - a scroll of enchant weapon {unknown}

Dungeon Overview and Level Annotations

Branches:
Dungeon (1/15)

Altars:

#..............
#..............
#..............
#.........$....
#....wJ.r......
#.........####
#...........#
#############....#
#..........@w....#
##.##########....#
#.........#.'....+
##..#####.#.#....####
#..# #.#.#........
#..# #.#.#.#########
.# #..#
#.#.#.........# .##
#..#
#.#)####..###.#+#.##
#..# #.#.# #..#
#....)##


You could see a dart slug.


Message History

You reach down and open the door.
There is an open door here.
A goblin comes into view. It is wielding a +0 club. 😎 HP[+5]
Your hp is fully restored (22).
A goblin is nearby!
A ball python comes into view.
A dart slug comes into view.
The goblin shouts!
The ball python hisses angrily.
An endoplasm comes into view.
A rat comes into view.
The endoplasm quivers.
You hit the goblin. The goblin hits you with a +0 club.
The ball python bites you but does no damage.
The ball python barely misses you. 😕 HP[-5]
You take 5 damage, and now have 17/22 hp.
MASSIVE DAMAGE!! (PAUSE)
The ball python barely misses you. x2
The ball python barely misses you. The ball python grabs you.
The ball python constricts you.
You escape the ball python's grasp.
There is an open door here. 😕 HP[+1]
You freeze the goblin. The goblin barely misses you. 😕 HP[-1]
You take 1 damage, and now have 17/22 hp.
You freeze the goblin!
You kill the goblin!
The ball python bites you. The ball python grabs you.
The ball python constricts you.
You have reached level 3!
Your experience leads to an increase in your attributes!
Increase (S)trength, (I)ntelligence, or (D)exterity?
You feel clever.
The power to cast Sting wells up from within.
Spell assigned to 'z'. 😮 HP[-2]
You now have 26 max hp (+4).
Casting: Freeze (safe; 3% risk of failure)
Confirm with . or Enter, or press ? or * to list all spells.
Aiming: Freeze (safe; 3% risk of failure)
Press: ? - help, Shift-Dir - straight line, f - ball python
Aim: a ball python (constricting you)
You freeze the ball python.
The ball python bites you but does no damage.
* * * LOW HITPOINT WARNING * * *
The ball python constricts you. 😨 HP[-2]
You take 2 damage, and now have 13/26 hp.
Casting: Freeze (safe; 3% risk of failure)
Confirm with . or Enter, or press ? or * to list all spells.
Aiming: Freeze (safe; 3% risk of failure)
Press: ? - help, Shift-Dir - straight line, f/p - ball python
Aim: a ball python (moderately wounded, constricting you)
You freeze the ball python!
You kill the ball python!
* * * LOW HITPOINT WARNING * * *
😨 HP[-1]
You take 1 damage, and now have 12/26 hp.
You are too injured to fight recklessly!
You are too injured to fight recklessly!
You are too injured to fight recklessly!
You are too injured to fight recklessly!
You hit the endoplasm but do no damage. The endoplasm freezes you.
You are frozen.
You feel a terrible chill!
* * * LOW HITPOINT WARNING * * *
😨 HP[-5]
You take 5 damage, and now have 7/26 hp.
You hit the endoplasm. The endoplasm barely misses you.
You hit the endoplasm but do no damage.
The endoplasm hits you but does no damage.
You hit the endoplasm but do no damage. The endoplasm freezes you.
You are frozen.
You feel a terrible chill!
* * * LOW HITPOINT WARNING * * *
😱 HP[-4]
You take 4 damage, and now have 3/26 hp.
You hit the endoplasm but do no damage.
The endoplasm hits you but does no damage.
You hit the endoplasm.
The endoplasm hits you but does no damage.
You hit the endoplasm.
You kill the endoplasm!
Your Armour skill increases to level 1!
You hit the rat.
You kill the rat!
The dart slug bites you but does no damage.
Things that are here:
a +0 club; a rat corpse You hit the dart slug.
You hit the dart slug. The dart slug launches a dart at you.
The slug dart hits you.
You die...

Skill      XL: |  1  2  3 |
---------------+----------+-----
Armour         | 1 |  1.0
Fighting       | |  0.9
Dodging        | |  2.6
Stealth        | |  1.5
Spellcasting   | |  3.9

Action                   || total
-------------------------++-------
Melee: Dagger            ||    47
       Unarmed           ||     1
 Cast: Freeze            ||    22
Armor: Robe              ||    12
Dodge: Dodged            ||    36

Levels and vault maps discovered:
D:1:      dpeg_arrival_fog, layout_basic, hellmonk_ecumenical_altar_dog_temple,
          minmay_misc_feat_chi, chequers_decorated_corner

Notes
Turn   | Place    | Note
-------+----------+-------------------------------------------
     0 | D:1      | spiderkeys the Djinni Ice Elementalist began the quest for
                  | the Orb.
     0 | D:1      | Reached XP level 1. HP: 15/15 MP: 0/0
     0 | D:1      | magus.rc [v1.9.10]
   153 | D:1      | Found a faded altar of an unknown god.
   166 | D:1      | Reached XP level 2. HP: 10/22 MP: 0/0
  1015 | D:1      | Reached XP level 3. HP: 15/26 MP: 0/0
  1015 | D:1      | Learned a level 1 spell: Sting
  1020 | D:1      | HP: 3/26 [frozen (4)]
  1024 | D:1      | Reached skill level 1 in Armour
  1027 | D:1      | Killed from afar by a dart slug

Vanquished Creatures
  A dart slug (D:1)
  3 ball pythons (D:1)
  An endoplasm (D:1)
  A giant cockroach (D:1)
  3 goblins (D:1)
  2 hobgoblins (D:1)
  4 jackals (D:1)
  A quokka (D:1)
  A kobold (D:1)
  5 rats (D:1)
22 creatures vanquished.

Table legend:
 A = Non-vault XP
 B = Vault XP
 C = Vault XP percentage of total XP
 D = Non-vault monster count
 E = Vault monster count
 F = Vault count percentage of total count
                 A         B        C        D         E       F
            +---------+---------+-------+---------+---------+-------
      Total |      31 |       8 |  20.5 |      18 |       4 |  18.2
            +---------+---------+-------+---------+---------+-------
        D:1 |      31 |       8 |  20.5 |      18 |       4 |  18.2
            +---------+---------+-------+---------+---------+-------

Illustrated notes

Table legend:
 A = Kills in this place as a percentage of kills in entire the game.
 B = Kills by you in this place as a percentage of kills by you in the entire game.
 C = Kills by friends in this place as a percentage of kills by friends in the entire game.
 D = Other kills in this place as a percentage of other kills in the entire game.
 E = Experience gained in this place as a percentage of experience gained in the entire game.
 F = Experience gained in this place divided by the number of levels of this place that you have seen.
                   A       B       C       D       E      F
               +-------+-------+-------+-------+-------+----------------------
         Total | 100.0 | 100.0 |   N/A |   N/A | 100.0 |  39.0
       Dungeon | 100.0 | 100.0 |   N/A |   N/A | 100.0 |  39.0
               +-------+-------+-------+-------+-------+----------------------

Table legend: (Time is in decaauts)
 A = Elapsed time spent in this place.
 B = Non-inter-level travel time spent in this place.
 C = Inter-level travel time spent in this place.
 D = Time resting spent in this place.
 E = Time spent auto-exploring this place.
 F = Levels seen in this place.
 G = Mean time per level.
                   A        B        C        D        E       F      G
               +--------+--------+--------+--------+--------+-----+--------+
         Total |   1026 |   1026 |      0 |      0 |    874 |   1 | 1026.0 |
       Dungeon |   1026 |   1026 |      0 |      0 |    874 |   1 | 1026.0 |
               +--------+--------+--------+--------+--------+-----+--------+

Top non-repeatable levels by time:
     D:1: 1026 daAuts
